 Dungeon Crawl Stone Soup version 0.19-a0-1111-gcceb26a (webtiles) character file.

19 4thArraOfDagon the Vexing (level 2, 1/26 HPs)
             Began as a Troll Arcane Marksman on Aug 10, 2016.
             Quit the game on level 4 of the Dungeon.
             The game lasted 00:01:05 (147 turns).

4thArraOfDagon the Vexing (Troll Arcane Marksman)    Turns: 147, Time: 00:01:07

Health: 1/26       AC:  5    Str: 18    XL:     2   Next: 55%
Magic:  2/2        EV: 10    Int:  9    God:
Gold:   0          SH:  0    Dex:  9    Spells: 1 memorised, 2 levels left

rFire  . . .     SeeInvis .     (no weapon)
rCold  . . .     Gourm    +     a - +0 robe
rNeg   . . .     Faith    .     (no shield)
rPois  .         Spirit   .     (helmet restricted)
rElec  .         Dismiss  .     (no cloak)
rCorr  .         Reflect  .     (gloves unavailable)
SustAt .         Harm     .     (boots unavailable)
MR     .....                    (no amulet)
Stlth  +.........               (no ring)
                                (no ring)

@:
A: unfitting armour, claws 3, fast metabolism 3, gourmand, regeneration 2,
shaggy fur 1, tough skin 2
a: no special abilities


You were on level 4 of the Dungeon.
You were not hungry.

You visited 1 branch of the dungeon, and saw 4 of its levels.

Inventory:

Missiles
 c - 4 large rocks (quivered)
 d - 2 throwing nets
Armour
 a - a +0 robe (worn)
Scrolls
 e - a scroll of remove curse {unknown}
Books
 b - a book of Debilitation

   Spells                             Type                      Level
   a - Corona                         Hexes                        1
   b - Slow                           Hexes                        2
   c - Gell's Gravitas                Hexes/Translocation          3
   d - Inner Flame                    Hexes/Fire                   3
   e - Cause Fear                     Hexes                        4
   f - Leda's Liquefaction            Hexes/Earth                  4
Comestibles
 f - 2 bread rations


   Skills:
 + Level 0.8 Fighting
 + Level 2.0 Throwing
 + Level 1.8 Dodging
 + Level 1.0 Spellcasting
 + Level 2.3 Hexes


You had 2 spell levels left.
You knew the following spells:

 Your Spells              Type           Power        Failure   Level  Hunger
a - Corona                Hex            #......      14%         1    ##.....


Dungeon Overview and Level Annotations

Branches:
Dungeon (4/15)
 Temple: D:4-7

Altars:

Annotations:
D:3 Grinder
D:4 Ijyb


Innate Abilities, Weirdness & Mutations

You are too large for most types of armour.
You have claws for hands.
Your metabolism is lightning-fast.
You like to eat raw meat.
You heal very quickly.
You are covered in fur. (AC +1)
You have very tough skin. (AC +2)


Message History

You barely miss the orc priest.
The orc priest is heavily wounded.
Ijyb closely misses you. The orc hits you with a falchion.
Unknown command.
You closely miss the orc priest.
The orc priest is heavily wounded.
Ijyb barely misses you. The orc priest closely misses you.
The orc hits you but does no damage.
An orc comes into view. It is wielding a dagger.
You completely miss the orc priest.
The orc priest is heavily wounded.
Ijyb hits you but does no damage. The orc barely misses you.
The orc priest invokes the aid of Beogh against you.
Beogh smites you!
* * * LOW HITPOINT WARNING * * *
The orc hits you with a falchion.
* * * LOW HITPOINT WARNING * * *
Unknown command.
Enter note: boom Are you sure you want to abandon this character and quit the game? (Confirm with "yes".)

#.. ..
#.. #
##..
..#...#
#......
##....o##
#....og@#
......oo#
.....##oo
.... ##..
... ..o
.. .... .
.....
......


You could see Ijyb, an orc priest, an orc wizard and 5 orcs.

Vanquished Creatures
  An adder (D:2)
  A ball python (D:2)
  A giant cockroach (D:2)
  2 goblins (D:2)
  A hobgoblin (D:2)
  2 kobolds (D:2)
  2 rats (D:2)
10 creatures vanquished.

Vanquished Creatures (others)
  A worm (D:4)
1 creature vanquished.

Grand Total: 11 creatures vanquished

Notes
Turn   | Place    | Note
-------+----------+-------------------------------------------
     0 | D:1      | 4thArraOfDagon the Troll Arcane Marksman began the quest for the Orb.
     0 | D:1      | Reached XP level 1. HP: 18/18 MP: 1/1
    73 | D:2      | Reached XP level 2. HP: 20/26 MP: 2/2
   123 | D:3      | Noticed Ijyb
   128 | D:3      | Noticed Grinder
   146 | D:4      | HP: 1/26 [orc/falchion (1)]
   147 | D:4      | boom
   147 | D:4      | Quit the game

Vault maps used:
D:1:      minmay_arrival_open_corners, minmay_tripent
D:3:      corexii_shack_village, kiku_gazebo_garden_becter,
          nicolae_tso_swordbearing_angel, vehumet_crystals, serial_forest,
          infiniplex_forest_clump_tiny, infiniplex_forest_corner_1,
          infiniplex_forest_clump_curved, infiniplex_forest_straight_3,
          infiniplex_forest_lined_room_2, infiniplex_forest_lined_4_way,
          infiniplex_forest_clump_C, uniq_grinder, uniq_iyjb
D:4:      first_bread, lemuel_flame_loot_1

Skill      XL: |  1 |
---------------+----+-----
Throwing       | 2 |  2.0
Fighting       | |  0.8
Dodging        | |  1.8
Spellcasting   | |  1.0
Hexes          | |  2.3

Action                   || total
-------------------------++-------
Melee: Unarmed           ||    60
  Use: Potion            ||     2
  Eat: Chunk             ||     1
Armor: Robe              ||    28
Dodge: Dodged            ||    38
